 Dungeon Crawl Stone Soup version 0.20-a0-839-gdaf5c57 (webtiles) character file.

268 dvd the Skirmisher (level 6, -2/50 HPs)
             Began as a Formicid Abyssal Knight on Mar 8, 2017.
             Was a Priest of Lugonu.
             Slain by a worker ant (5 damage)
             ... on level 5 of the Dungeon.
             The game lasted 00:06:51 (3122 turns).

dvd the Skirmisher (Formicid Abyssal Knight)        Turns: 3122, Time: 00:06:52

Health: -2/50      AC:  7    Str: 16    XL:     6   Next: 46%
Magic:  8/8        EV: 10    Int: 12    God:    Lugonu [***...]
Gold:   144        SH:  0    Dex: 12    Spells: 5/5 levels left

rFire    . . .     SeeInvis +   a - +1 falchion
rCold    . . .     Gourm    .   e - +0 scale mail
rNeg     . . .     Faith    .   (no shield)
rPois    .         Spirit   .   (helmet unavailable)
rElec    .         Reflect  .   (no cloak)
rCorr    .         Harm     .   (no gloves)
MR       .....                  (no boots)
Stlth    ..........             (no amulet)
Regen    0.2/turn               (no ring)
MPRegen  0.2/turn               (no ring)

@: no status effects
A: permanent stasis, dig shafts and tunnels, four strong arms, antennae 3
a: Dig, Shaft Self, Depart the Abyss, Bend Space, Banish, Renounce Religion


You were on level 5 of the Dungeon.
You worshipped Lugonu.
Lugonu was most pleased with you.
You were not hungry.

You visited 1 branch of the dungeon, and saw 5 of its levels.
You visited the Abyss 1 time.

You collected 144 gold pieces.

Inventory:

Hand Weapons
 a - a +1 falchion (weapon)
Missiles
 q - 2 tomahawks (quivered)
Armour
 b - a +0 leather armour
 e - a +0 scale mail (worn)
Scrolls
 f - a scroll of magic mapping {unknown}
 g - 4 scrolls of identify {unknown}
 j - 3 scrolls of teleportation {unknown}
 o - a scroll of immolation {unknown}
 s - a scroll of remove curse {unknown}
Potions
 d - a potion of curing
 h - a potion of might {unknown}
 i - a potion of heal wounds {unknown}
 k - 2 potions of degeneration {unknown}
 n - a potion of flight {unknown}
 p - a potion of agility {unknown}
 v - a potion of cancellation {unknown}
Books
 t - a book of Minor Magic

   Spells                             Type                      Level
   a - Magic Dart                     Conjuration                  1
   b - Blink                          Translocation                2
   c - Call Imp                       Summoning                    2
   d - Slow                           Hexes                        2
   e - Conjure Flame                  Conjuration/Fire             3
   f - Mephitic Cloud                 Conjuration/Poison/Air       3
Comestibles
 c - 3 bread rations
 l - a chunk of flesh
 m - 2 meat rations
 r - 4 fruits
 u - 2 royal jellies


   Skills:
 + Level 4.9 Fighting
 + Level 3.6 Long Blades
 + Level 0.4 Throwing
 + Level 3.7 Armour
 + Level 1.4 Dodging
 * Level 3.2 Invocations


You had 5 spell levels left.
You didn't know any spells.

Dungeon Overview and Level Annotations

Branches:
Dungeon (5/15)
 Temple: D:4-7

Altars:
Okawaru

Annotations:
D:4 Eustachio, Natasha


Innate Abilities, Weirdness & Mutations

You cannot be hasted, slowed, berserked, paralysed or teleported.
You can dig through walls and to a lower floor.
Your four strong arms can wield two-handed weapons with a shield.
You have a pair of large antennae on your head. (SInv)


Message History

The worker ant bites you.
* * * LOW HITPOINT WARNING * * *
You closely miss the worker ant. The worker ant bites you.
* * * LOW HITPOINT WARNING * * *
You are lethally poisoned!
The worker ant poisons you!
It was a potion of curing.
You feel better.
The worker ant bites you but does no damage.
The worker ant barely misses you.
You barely miss the worker ant. The worker ant barely misses you.
You hit the worker ant but do no damage.
The worker ant bites you.
* * * LOW HITPOINT WARNING * * *
You hit the worker ant but do no damage.
The worker ant barely misses you.
You riposte.
You barely miss the worker ant. The worker ant bites you.
* * * LOW HITPOINT WARNING * * *
You hit the worker ant but do no damage.
The worker ant bites you.
You die...

### ...
##.## ...
#.# #@# #
#a#.##...
#........
###.##...
.# . ..
.. ...


You could see a worker ant.

Vanquished Creatures
  A scorpion (D:5)
  A crimson imp (D:5)
  A hound (D:5)
  3 gnolls
  3 adders
  3 oozes
  3 worms
  A dart slug (D:2)
  A leopard gecko (D:5)
  An orc (D:3)
  2 ball pythons
  7 bats
  A giant cockroach (D:3)
  11 goblins
  8 hobgoblins
  6 kobolds
  5 quokkas
  4 frilled lizards
  12 rats
74 creatures vanquished.

Notes
Turn   | Place    | Note
-------+----------+-------------------------------------------
     0 | Abyss:1  | dvd the Formicid Abyssal Knight began the quest for the Orb.
     0 | Abyss:1  | Reached XP level 1. HP: 18/18 MP: 2/2
    16 | D:1      | Escaped the Abyss
    41 | D:1      | Reached XP level 2. HP: 25/25 MP: 3/3
   118 | D:1      | Reached skill level 4 in Fighting
   130 | D:1      | Reached XP level 3. HP: 29/30 MP: 4/4
   305 | D:1      | Reached skill level 1 in Dodging
   315 | D:1      | Reached ** piety under Lugonu
   706 | D:2      | Reached XP level 4. HP: 38/38 MP: 5/5
  1056 | D:2      | Found an iron altar of Okawaru.
  1466 | D:2      | Reached XP level 5. HP: 26/43 MP: 6/6
  1848 | D:2      | Reached *** piety under Lugonu
  2736 | D:4      | Noticed Natasha
  2750 | D:4      | You fall through a shaft!
  2750 | D:5      | Entered Level 5 of the Dungeon
  3024 | D:5      | Reached XP level 6. HP: 41/50 MP: 8/8
  3078 | D:4      | Noticed Eustachio
  3101 | D:4      | You fall through a shaft!
  3122 | D:5      | Slain by a worker ant

Vault maps used:
D:1:      ncdulo_lavacross
D:2:      wad_woods_tower, okawaru_gym_becter
D:3:      first_bread
D:4:      minmay_misc_feat_cross, uniq_purgy, uniq_eustachio, uniq_natasha,
          uniq_robin
D:5:      uniq_prince_ribbit1, uniq_pikel

Skill      XL: |  1  2  3  4  5 |
---------------+----------------+-----
Fighting       | 4 |  4.9
Dodging        | 1 |  1.4
Long Blades    | 3 |  3.6
Armour         | 3 |  3.7
Invocations    | 3 |  3.2
Throwing       | |  0.4

Action                   |  1- 3 |  4- 6 || total
-------------------------+-------+-------++-------
Melee: Falchion          |    62 |   183 ||   245
Throw: Tomahawk          |       |    11 ||    11
 Abil: Shaft Self        |       |     2 ||     2
  Use: Potion            |       |     1 ||     1
  Eat: Chunk             |       |     8 ||     8
Armor: Scale mail        |    26 |    88 ||   114
       Leather armour    |     1 |       ||     1
Dodge: Dodged            |    35 |    96 ||   131
       Rpst.: Falchion   |    15 |    25 ||    40
